 Dungeon Crawl Stone Soup version 0.22-a0-274-gf8199ec (webtiles) character file.

846 galech the Ruffian (level 7, 0/71 HPs)
             Began as a Troll Monk on Mar 14, 2018.
             Slain by Pikel
             ... wielding a +0 whip of electrocution
              (12 damage)
             ... on level 4 of the Dungeon.
             The game lasted 00:05:07 (2593 turns).

galech the Ruffian (Troll Monk)                     Turns: 2593, Time: 00:05:08

Health: 0/71       AC:  8    Str: 22    XL:     7   Next: 68%
Magic:  6/6        EV: 12    Int:  6    God:
Gold:   113        SH:  0    Dex: 12    Spells: 6/6 levels left

rFire    . . .     SeeInvis .     - Unarmed
rCold    . . .     Gourm    +   (no shield)
rNeg     . . .     Faith    .   a - +0 robe
rPois    .         Spirit   .   (helmet restricted)
rElec    .         Reflect  .   l - +0 cloak
rCorr    .         Harm     .   (gloves unavailable)
MR       .....                  (boots unavailable)
Stlth    ++........             (no amulet)
HPRegen  0.61/turn              c - ring of wizardry
MPRegen  0.10/turn              p - +2 ring of protection

@: no status effects
A: large, unfitting armour, claws 3, fast metabolism 3, gourmand, regeneration
1, shaggy fur 1, tough skin 2
a: no special abilities


You were on level 4 of the Dungeon.
You were completely stuffed.

You visited 1 branch of the dungeon, and saw 4 of its levels.

You collected 113 gold pieces.

Inventory:

Armour
 a - a +0 robe (worn)
 i - a scarf of cloud immunity
 l - a +0 cloak (worn)
Jewellery
 c - a ring of wizardry (left claw)
 p - a +2 ring of protection (right claw)
Wands
 j - a wand of polymorph (15)
Scrolls
 d - 4 scrolls of immolation {unknown}
 f - 8 scrolls of identify {unknown}
 h - a scroll of remove curse {unknown}
 m - a scroll of magic mapping {unknown}
 q - a scroll of amnesia {unknown}
 s - a scroll of random uselessness {unknown}
 t - a scroll of enchant weapon {unknown}
Potions
 e - a potion of curing {unknown}
 g - 3 potions of ambrosia {unknown}
 n - a potion of invisibility {unknown}
 o - a potion of mutation {unknown}
 r - 2 potions of flight {unknown}
Comestibles
 b - 10 rations
 k - 20 chunks of flesh


   Skills:
 + Level 4.8 Fighting
 + Level 4.8 Dodging
 - Level 1.0 Stealth
 + Level 5.8 Unarmed Combat


You had 6 spell levels left.
You didn't know any spells.

Dungeon Overview and Level Annotations

Branches:
Dungeon (4/15)
 Temple: D:4-7

Altars:
Nemelex Xobeh

Annotations:
D:4 Pikel


Innate Abilities, Weirdness & Mutations

You are too large for most types of armour.
You have claws for hands.
Your metabolism is lightning-fast.
You like to eat raw meat.
Your natural rate of healing is unusually fast.
You are covered in fur. (AC +1)
You have very tough skin. (AC +2)


Message History

You are too injured to fight recklessly!
You are too injured to fight recklessly!
You are too injured to fight recklessly!
You are too injured to fight recklessly!
You are too injured to fight recklessly!
You are too injured to fight recklessly!
You are too injured to fight recklessly!
You scratch Pikel but do no damage. You claw Pikel.
Pikel is lightly wounded.
Pikel barely misses you.
You claw Pikel!
Pikel is moderately wounded.
Pikel hits you with a whip of electrocution.
* * * LOW HITPOINT WARNING * * *
You barely miss Pikel.
Pikel is moderately wounded.
Pikel hits you with a whip of electrocution!
* * * LOW HITPOINT WARNING * * *
You are electrocuted!
You die...

..# .
#......#
#.#
#..###.#
#.#
#..###.#
#.#
#....#.#
#.#
#.##.#.#
#.#
#...^..#
#.#
####.###
#.#
########.#
#..
...pppK@.#
####
##########


You could see Pikel and 3 slaves.

Vanquished Creatures
  Menkaure (D:4)
  A phantom (D:4)
  A slave (D:4)
  An ogre (D:4)
  A big kobold (D:4)
  A scorpion (D:4)
  A crimson imp (D:4)
  A hound (D:4)
  A jelly (D:4)
  4 orc wizards (D:4)
  An orc priest (D:4)
  2 worker ants (D:4)
  Robin (D:4)
  6 adders
  3 oozes
  A dart slug (D:2)
  4 leopard geckos
  6 orcs
  9 bats
  4 giant cockroaches
  15 goblins
  8 hobgoblins
  2 quokkas
  2 ball pythons
  A frilled lizard (D:3)
  A jackal skeleton (D:4)
  9 kobolds
  7 rats (D:1)
95 creatures vanquished.

Notes
Turn   | Place    | Note
-------+----------+-------------------------------------------
     0 | D:1      | galech the Troll Monk began the quest for the Orb.
     0 | D:1      | Reached XP level 1. HP: 22/22 MP: 0/0
    85 | D:1      | Reached XP level 2. HP: 29/29 MP: 1/1
   702 | D:2      | Reached XP level 3. HP: 36/36 MP: 2/2
   842 | D:2      | Found a sparkling altar of Nemelex Xobeh.
  1051 | D:2      | Found a faded altar of an unknown god.
  1309 | D:3      | Reached XP level 4. HP: 45/45 MP: 3/3
  1796 | D:4      | Noticed an ogre
  1796 | D:4      | Noticed a big kobold
  1800 | D:4      | Killed a big kobold
  1800 | D:4      | Reached skill level 4 in Unarmed Combat
  1800 | D:4      | Reached XP level 5. HP: 53/53 MP: 4/4
  1814 | D:4      | Killed an ogre
  1814 | D:4      | Reached XP level 6. HP: 34/62 MP: 5/5
  1943 | D:4      | Noticed Menkaure
  1945 | D:4      | Reached skill level 5 in Unarmed Combat
  1998 | D:4      | Killed Menkaure
  1998 | D:4      | Reached XP level 7. HP: 26/71 MP: 6/6
  2350 | D:4      | Noticed Robin
  2381 | D:4      | Killed Robin
  2581 | D:4      | Noticed Pikel
  2593 | D:4      | Slain by Pikel

Vault maps used:
D:1:      roderic_crop_circles_arrival_small
D:2:      old_standard_altar, chequers_ecumenical_altar_simple_redux,
          kennysheep_generic_room_5
D:3:      cheibrodos_old_hovel, first_ration
D:4:      uniq_pikel, uniq_menkaure, uniq_robin

Skill      XL: |  1  2  3  4  5  6 |
---------------+-------------------+-----
Dodging        | 3 4 |  4.8
Fighting       | 3 4 |  4.8
Unarmed Combat | 4 5 |  5.8
Stealth        | |  1.0

Action                   |  1- 3 |  4- 6 |  7- 9 || total
-------------------------+-------+-------+-------++-------
Melee: Unarmed           |   103 |    92 |    97 ||   292
       Punch             |     3 |     1 |     3 ||     7
 Stab: Sleeping          |     8 |     1 |       ||     9
  Eat: Chunk             |    17 |     7 |     5 ||    29
Armor: Robe              |    23 |    42 |    58 ||   123
Dodge: Dodged            |    45 |    40 |    60 ||   145

Table legend:
 A = Spawn XP
 B = Non-spawn XP
 C = Spawn XP percentage of total XP
 D = Spawn monster count
 E = Non-spawn monster count
 F = Spawn count percentage of total count
 G = Total turns spent on level
                    A         B        C        D         E        F      G
               +---------+---------+-------+---------+---------+-------+---------
         Total |       0 |    1209 |   0.0 |       0 |      94 |   0.0 |  2593
               +---------+---------+-------+---------+---------+-------+---------
           D:1 |       0 |      37 |   0.0 |       0 |      20 |   0.0 |   675
           D:2 |       0 |      30 |   0.0 |       0 |      15 |   0.0 |   424
           D:3 |       0 |      78 |   0.0 |       0 |      21 |   0.0 |   697
           D:4 |       0 |    1064 |   0.0 |       0 |      38 |   0.0 |   797
               +---------+---------+-------+---------+---------+-------+---------
